 Dungeon Crawl Stone Soup version 0.28.0-56-g4927b6849a (webtiles) character file.

Game seed: 573189327682281427

49 hikkokomori the Poker (level 3, -4/30 HPs)
             Began as a Merfolk Fighter on Feb 11, 2023.
             Slain by a gnoll
             ... wielding a +0 whip
              (7 damage)
             ... on level 1 of the Dungeon.
             The game lasted 00:00:55 (950 turns).

hikkokomori the Poker (Merfolk Fighter)              Turns: 950, Time: 00:00:56

Health: -4/30      AC:  6    Str: 18    XL:     3   Next: 77%
Magic:  3/3        EV:  9    Int:  7    God:
Gold:   56         SH:  5    Dex: 13    Spells: 2/2 levels left

rFire   . . .      SeeInvis .   a - +0 trident
rCold   . . .      Faith    .   c - +0 buckler
rNeg    . . .      Spirit   .   b - +0 scale mail
rPois   .          Reflect  .   (no helmet)
rElec   .          Harm     .   (no cloak)
rCorr   .          Rampage  .   (no gloves)
Will    .....                   (no boots)
Stlth   ..........              (no amulet)
HPRegen 0.10/turn               (no ring)
MPRegen 0.08/turn               (no ring)

@: no status effects
A: (nimble swimmer 2), mertail
a: no special abilities


You were on level 1 of the Dungeon.
You visited 1 branch of the dungeon, and saw 2 of its levels.

You collected 56 gold pieces.

Inventory:

Hand Weapons
 a - a +0 trident (weapon)
Armour
 b - a +0 scale mail (worn)
 c - a +0 buckler (worn)
Scrolls
 e - 3 scrolls of identify {unknown}
 h - a scroll of magic mapping {unknown}
 i - a scroll of silence {unknown}
 j - a scroll of blinking {unknown}
Potions
 d - a potion of might
 f - 2 potions of brilliance {unknown}
 g - 2 potions of curing {unknown}


   Skills:
 + Level 3.8 Fighting
 + Level 3.8 Polearms
 + Level 2.5 Armour
 + Level 3.4 Shields


You had 2 spell levels left.
You didn't know any spells.
Your spell library was empty.

Dungeon Overview and Level Annotations

Branches:
Dungeon (2/15)

Altars:


Innate Abilities, Weirdness & Mutations

((You are very nimble when in or above water. (Stealth+, EV+, Speed+++)))
Your lower body shifts to a powerful aquatic tail in water.


Message History

The gnoll hits you but does no damage.
Reach: a) +0 trident
Press: ? - help, Dir - move target, f/p - gnoll
Aim: a gnoll, wielding a +0 halberd (almost dead, about 39% to evade your +0 trident)
You reach to attack!
You hit the gnoll.
The gnoll is almost dead.
The gnoll hits you from afar with a +0 halberd.
Reach: a) +0 trident
Press: ? - help, Dir - move target, f/p - gnoll
Aim: a gnoll, wielding a +0 halberd (almost dead, about 39% to evade your +0 trident)
You reach to attack!
You hit the gnoll but do no damage.
The gnoll is almost dead.
You block the gnoll's attack. The gnoll barely misses you.
Reach: a) +0 trident
Press: ? - help, Dir - move target, f/p - gnoll
Aim: a gnoll, wielding a +0 halberd (almost dead, about 39% to evade your +0 trident)
You reach to attack!
You puncture the gnoll!
You kill the gnoll!
Reach: a) +0 trident
Press: ? - help, Dir - move target, f - gnoll
Aim: a gnoll, wielding a +0 whip and wearing a +0 leather armour (about 39% to evade your +0 trident)
You reach to attack!
You barely miss the gnoll. You block the gnoll's attack.
Reach: a) +0 trident
Press: ? - help, Dir - move target, f/p - gnoll
Aim: a gnoll, wielding a +0 whip and wearing a +0 leather armour (about 39% to evade your +0 trident)
You barely miss the gnoll. The gnoll hits you with a +0 whip.
* * * LOW HITPOINT WARNING * * *
The gnoll hits you from afar with a +0 spear.
* * * LOW HITPOINT WARNING * * *
There is a stone staircase leading up here.
You climb upwards.
There is a stone staircase leading down here.
You hit the gnoll.
The gnoll is lightly wounded.
The gnoll closely misses you. The gnoll hits you with a +0 whip.
* * * LOW HITPOINT WARNING * * *
You hit the gnoll but do no damage.
The gnoll is lightly wounded.
The gnoll hits you with a +0 whip!
You die...

# #.# ##.#
#............
#####'#######.##
#............
...........##..#
#............
...........###.##
#............
...........# #..#
#############
...........# ##.#
...........# #.##
#####.######
#g.###### #.#
##@.....# #.#
##..####.# #.#
#......#.# #.#
#..#.#.#.# #.#
##.#..#.#.# #.#
#..#....#.# #.#
##..######.# #.#
#..........# #.#
##.##########


You could see a gnoll.

Vanquished Creatures
  A gnoll (D:2)
  An adder (D:2)
  2 dart slugs (D:1)
  2 goblins (D:1)
  4 hobgoblins (D:1)
  2 quokkas (D:1)
  3 ball pythons
  5 bats
  4 kobolds
  3 rats (D:1)
27 creatures vanquished.

Notes
Turn   | Place    | Note
-------+----------+-------------------------------------------
     0 | D:1      | hikkokomori the Merfolk Fighter began the quest for the
                  | Orb.
     0 | D:1      | Reached XP level 1. HP: 18/18 MP: 1/1
   226 | D:1      | Reached XP level 2. HP: 23/24 MP: 2/2
   248 | D:1      | Found a faded altar of an unknown god.
   594 | D:1      | Reached XP level 3. HP: 29/29 MP: 3/3
   950 | D:1      | Slain by a gnoll

Illustrated notes

Levels and vault maps discovered:
D:1:      dpeg_arrival_round_c, layout_basic, dreamdust_ecumenical_altar_grove,
          nicolae_concentric_dashed_squares_wild, minmay_misc_feat_enclosed
D:2:      layout_loops_cross, basic_altar, minmay_hexomino_r4, uniq_robin

Action                   || total
-------------------------++-------
Melee: Trident           ||   101
Armor: Scale mail        ||    31
Dodge: Dodged            ||    35
Block: Buckler           ||    21
